Map: Lerilak Crest

Players

Knightcrwlr

  • Race: Terran Terran
  • League: Silver

Grumm - Winner!

  • Race: Zerg Zerg
  • League: Gold

VOD

Have the link to the VOD?

Description

Time

  • Played on: Feb. 7, 2016, 1:39 a.m.
  • Length: 22:41
Show
View Real Time Build Order
Export as new Build Order

Knightcrwlr Terran 

Build Orders: MMM Bio 

Get SALT Encoding   

  12  0:00  SCV  
  13  0:12  SCV  
  14  0:17  Supply Depot  
  14  0:24  SCV  
  15  0:39  SCV  
  15  0:40  Barracks  
  16  0:45  Refinery  
  16  0:51  SCV  
  17  1:03  SCV  
  18  1:15  SCV  
  19  1:27  SCV  
  19  1:29  Reaper  
  21  1:38  Command Center  
  22  1:48  Supply Depot  
  22  1:52  SCV  
  22  2:06  Orbital Command  
  22  2:16  Barracks Reactor  
  22  2:25  Factory  
  22  2:33  Refinery, SCV  
  23  2:45  SCV  
  24  2:52  Orbital Command  
  24  2:58  Supply Depot  
  26  3:07  SCV  
  25  3:22  Barracks Tech Lab  
  25  3:26  Hellion x2  
  28  3:28  SCV x2  
  30  3:37  Starport  
  30  3:40  SCV x2  
  32  3:47  Hellion x2  
  36  3:49  Stimpack  
  36  3:57  Supply Depot  
  36  3:59  Marine  
  37  4:06  SCV x2  
  37  4:09  Hellion x2  
  43  4:17  Marine  
  43  4:18  SCV x2  
  46  4:27  Medivac  
  46  4:30  SCV  
  49  4:34  Marine  
  49  4:36  Barracks  
  50  4:40  Engineering Bay, Barracks  
  50  4:41  Hellion x2  
  50  4:43  SCV x2  
  56  4:50  Bunker  
  56  4:52  Marine  
  56  4:55  SCV x2  
  57  5:10  Marine  
  58  5:28  Marine  
  58  5:30  Barracks Reactor x2  
  58  5:33  Terran Infantry Weapons Level 1  
  58  5:34  Starport Reactor, Hellion  
  61  5:42  SCV  
  62  5:49  Supply Depot  
  62  5:50  Supply Depot  
  62  5:53  Command Center  
  60  6:04  SCV x2  
  66  6:11  Hellion x2  
  66  6:16  SCV x2  
  68  6:22  Marauder, Marine  
  68  6:23  Marine x3  
  74  6:28  SCV x2  
  78  6:33  Refinery, Hellion  
  78  6:35  Supply Depot  
  78  6:38  Refinery  
  78  6:50  Marine x2  
  78  6:56  Marine x2  
  78  6:57  Supply Depot, Marauder, SCV x2, Hellion  
  86  7:07  Liberator x2  
  86  7:08  Marine x2  
  86  7:09  SCV x2  
  86  7:14  Marine x2  
  92  7:18  Orbital Command, Marauder  
  92  7:21  SCV x2  
  96  7:26  Marine x2  
  104  7:32  Marine x2  
  104  7:33  SCV x2  
  106  7:40  Marauder  
  106  7:41  Combat Shields  
  106  7:44  Marine  
  108  7:45  Starport  
  109  8:04  Supply Depot  
  109  8:05  Supply Depot  
  109  8:06  Supply Depot x2  
  109  8:07  Supply Depot  
  109  8:25  Marauder, Marine x3, SCV x3  
  109  8:26  Marine  
  118  8:31  Liberator x2, Factory  
  118  8:32  Liberator x2  
  118  8:37  SCV x3  
  121  8:43  Marine x3, Factory Tech Lab  
  121  8:44  Marine  
  121  8:47  Marauder  
  133  8:51  Terran Infantry Armor Level 1  
  133  8:54  Engineering Bay  
  139  8:56  Armory  
  139  9:00  Marine x3  
  139  9:02  Marine  
  143  9:08  Marauder  
  145  9:18  Marine x3  
  145  9:19  Marine  
  149  9:30  Supply Depot  
  149  9:52  Marine x4, SCV x3  
  156  9:53  Supply Depot  
  156  10:04  SCV  
  157  10:08  SCV x2  
  157  10:09  Marauder  
  157  10:10  Marine x2  
  157  10:11  Marine x2  
  157  10:13  Siege Tank  
  156  10:16  Supply Depot, SCV  
  156  10:20  SCV x2  
  153  10:24  Refinery  
  153  10:26  Refinery  
  153  10:28  Terran Infantry Weapons Level 2, Marine x2, SCV  
  154  10:29  Marine x2  
  154  10:30  Marauder  
  154  10:32  SCV x2  
  162  10:40  SCV  
  163  10:44  SCV x2  
  163  10:45  Siege Tank  
  163  10:46  Marine x2  
  163  10:47  Marine x2  
  172  10:51  Supply Depot  
  172  10:52  Supply Depot, SCV  
  172  10:54  Supply Depot x2  
  173  10:57  Supply Depot  
  173  11:11  Terran Infantry Armor Level 2  
  173  11:12  Marine x3, SCV x3  
  173  11:13  Liberator, Marauder  
  173  11:14  Liberator x3, Marine  
  173  11:15  Supply Depot  
  173  11:17  Siege Tank  
  185  11:22  Missile Turret  
  185  11:30  Marine x3  
  200  11:38  Supply Depot  
  200  11:41  Missile Turret  
  200  11:43  Missile Turret  
  200  11:44  Missile Turret x2  
  200  11:45  Missile Turret  
  200  11:46  Missile Turret x2  
  200  12:00  Supply Depot  
  200  12:07  Missile Turret x3  
  200  12:13  Missile Turret  
  200  12:14  Missile Turret  
  200  12:16  Missile Turret  
  200  12:31  Missile Turret  
  200  12:37  Missile Turret  
  200  12:38  Missile Turret  
  200  12:42  Missile Turret  
  200  12:45  Missile Turret  
  200  12:47  Missile Turret  
  200  12:48  Terran Ship Weapons Level 1  
  200  12:50  Terran Infantry Weapons Level 3  
  200  13:01  Missile Turret  
  200  13:02  Missile Turret  
  200  13:04  Missile Turret  
  200  13:06  Command Center, Missile Turret  
  200  13:07  Missile Turret  
  197  13:53  Terran Infantry Armor Level 3  
  197  13:55  Siege Tank  
  185  14:42  Terran Vehicle Weapons Level 1  
  183  15:15  Marauder, Marine x3  
  183  15:16  Marine  
  184  15:33  Marine x4  
  134  15:36  Marauder  
  110  15:50  Marine  
  110  15:51  Marine x3  
  114  15:57  Marauder  
  116  16:08  Orbital Command, Marine  
  116  16:09  Marine x3  
  120  16:17  Factory Tech Lab  
  120  16:19  Marauder  
  120  16:24  Ghost Academy  
  122  16:26  Marine  
  122  16:27  Marine x3  
  126  16:38  Command Center  
  126  16:40  Marauder  
  126  16:44  Marine x3  
  126  16:45  Marine  
  132  16:51  Liberator x3  
  132  16:52  Liberator  
  126  17:02  Marauder, Marine x4  
  144  17:15  Terran Vehicle Weapons Level 2  
  144  17:19  Marine  
  144  17:20  Marine x3  
  148  17:23  Marauder  
  150  17:32  Supply Depot  
  150  17:37  Marine  
  150  17:38  Marine x3  
  154  17:44  Marauder  
  156  17:51  Medivac x3  
  156  17:52  Medivac  
  156  17:55  Marine  
  156  17:56  Marine x3  
  168  18:06  Marauder  
  170  18:13  Marine  
  170  18:14  Marine x3  
  174  18:21  Medivac  
  171  18:27  Marauder  
  171  18:29  Orbital Command  
  171  18:31  Marine x4  
  174  18:48  Marauder  
  176  18:59  Marine  
  176  19:00  Marine x3  
  182  19:10  Marauder  
  182  19:17  Marine  
  182  19:18  Marine x3  
  188  19:31  Terran Ship Weapons Level 2, Marauder  
  188  19:35  Marine x2  
  188  19:36  Marine x2  
  194  19:53  Marauder  
  181  20:14  Marauder  
  104  21:06  Marauder  
  101  21:27  Marauder  
  95  21:48  Marauder  
  86  22:10  Marauder  
Show
View Real Time Build Order
Export as new Build Order

Grumm Zerg - Winner!

Build Orders: 3 Hatch before Pool 

Get SALT Encoding   

  12  0:01  Drone  
  13  0:11  Drone  
  14  0:37  Hatchery  
  14  0:41  Overlord  
  13  0:46  Drone  
  14  1:13  Hatchery  
  14  1:15  Drone  
  14  1:21  Drone  
  14  1:23  Drone  
  16  1:40  Spawning Pool  
  16  1:42  Drone  
  16  1:47  Drone  
  17  1:58  Drone x2  
  19  2:13  Drone  
  19  2:14  Drone x3  
  23  2:19  Extractor  
  23  2:20  Extractor  
  21  2:24  Overlord  
  21  2:29  Queen  
  23  2:36  Queen  
  25  2:44  Zergling x2  
  25  2:45  Zergling x4  
  28  3:00  Spine Crawler  
  28  3:02  Zergling x6  
  28  3:03  Zergling x2  
  31  3:11  Drone x3  
  34  3:42  Drone x6  
  34  3:43  Drone x2, Overlord  
  41  4:01  Queen  
  43  4:04  Evolution Chamber  
  43  4:08  Evolution Chamber  
  41  4:11  Spine Crawler  
  36  4:24  Roach Warren  
  36  4:25  Lair  
  36  4:26  Drone  
  36  4:27  Zergling x2  
  36  4:28  Zergling x12  
  43  4:44  Zerg Missile Weapons Level 1  
  43  4:48  Extractor  
  36  5:22  Spine Crawler  
  36  5:24  Drone  
  36  5:25  Drone x11  
  36  5:26  Spine Crawler  
  46  5:29  Spine Crawler  
  45  5:36  Roach  
  45  5:37  Roach  
  45  5:39  Overlord  
  49  5:51  Metabolic Boost  
  49  5:53  Glial Reconstitution  
  49  5:58  Roach x2  
  52  6:24  Roach x2  
  56  6:31  Drone  
  57  6:33  Overlord x2  
  57  6:39  Extractor  
  56  6:43  Extractor  
  56  6:45  Extractor  
  50  6:57  Roach  
  50  6:58  Roach x9  
  70  7:04  Drone  
  70  7:05  Drone x3  
  70  7:07  Overlord x2  
  70  7:08  Overlord  
  74  7:23  Hydralisk Den  
  74  7:26  Spore Crawler  
  74  7:29  Roach x4  
  79  8:05  Hydralisk  
  79  8:06  Hydralisk x6  
  79  8:07  Overlord  
  79  8:10  Drone x2  
  95  8:27  Drone x5  
  95  8:33  Zergling x2  
  95  8:34  Zergling x4  
  103  8:46  Burrow  
  103  8:47  Pneumatized Carapace  
  103  8:50  Drone x2  
  103  8:54  Overlord  
  105  9:09  Infestation Pit  
  104  9:11  Overlord  
  104  9:12  Drone  
  104  9:13  Drone x3  
  106  9:38  Roach  
  106  9:39  Roach x6  
  118  10:24  Muscular Augments  
  118  10:30  Hive  
  118  10:32  Spire  
  118  10:33  Drone x5  
  118  10:35  Overlord x2  
  122  10:54  Hatchery  
  121  11:03  Drone x10  
  131  11:05  Hatchery  
  131  11:10  Zerg Missile Weapons Level 2  
  130  11:14  Zerg Ground Armor Level 1  
  130  11:44  Spore Crawler  
  129  11:50  Corruptor x5, Ultralisk Cavern  
  138  12:02  Overlord x4  
  138  12:19  Zergling x6  
  141  12:36  Corruptor x4  
  141  12:37  Corruptor x3  
  155  13:07  Drone x10  
  155  13:08  Drone  
  155  13:12  Overlord x3  
  158  13:30  Overlord x2  
  158  13:32  Ultralisk x2  
  170  13:34  Chitinous Plating  
  170  13:35  Adrenal Glands  
  170  13:39  Greater Spire  
  170  13:47  Extractor  
  165  14:18  Ravager x2  
  151  14:44  Ultralisk x5  
  157  15:05  Ultralisk  
  157  15:06  Ultralisk x2  
  173  15:13  Ultralisk  
  179  15:14  Ultralisk  
  128  15:54  Roach x6  
  128  15:55  Hydralisk  
  128  15:56  Hydralisk x9  
  160  15:58  Roach  
  160  15:59  Ultralisk  
  168  16:07  Drone  
  168  16:08  Drone x4  
  173  16:13  Overseer x2  
  165  17:08  Ultralisk x3  
  183  17:21  Brood Lord  
  185  17:27  Brood Lord  
  187  17:35  Drone  
  187  17:36  Drone x5, Extractor  
  185  19:12  Swarm Host  
  185  19:13  Swarm Host  
  171  20:12  Swarm Host  
  171  20:13  Swarm Host x3  
  183  20:27  Zergling x2  
  184  20:29  Overlord  
  184  20:30  Overlord x2  
  172  20:55  Zergling x2  
  172  20:56  Zergling x28  
  109  21:12  Ultralisk x2  
  109  21:13  Ultralisk  
  117  21:50  Roach  
  117  21:51  Roach x5  
  117  22:05  Extractor x2  
  117  22:08  Zergling x24  
Tags
 
Add a new tag
Caveats
  • Supply blocks, unpowered buildings, or Contaminate may cause inaccurate times.
  • Supply counts are checked every 10 seconds.